AoeStats
← 2609108162

Arena

510097011Analyzed
1v1 RM · 3d ago on Sep 29, 2026· 41m 21s· 2 players
Game mode
Random Map
Map size
Tiny (2 player)
Population
200
Speed
Normal
Resources
Standard
Victory
Conquest
Starting age
Dark Age
Ending age
Imperial Age
RankedLock teamsTeams togetherTeam positionsShared explorationLock speedFull tech treeHidden civsTurbo modeCheats
Victory
Defeat
🇨🇳 Bohemians · China
1045
+16
🇨🇴 Turks · Colombia
1049
-16
2609108162
10:22 Feudal Age
15:09 Castle Age
12:57 Double-Bit Axe
13:30 Horse Collar
15:37 Loom
17:45 Pikeman
19:22 Heavy Plow
20:04 Bow Saw
23:48 Wheelbarrow
28:18 Imperial Age
26:06 Town Watch
26:37 Hand Cart
26:25 Squires
26:34 Elite Skirmisher
28:25 Chemistry
27:55 Fervor
29:48 Fletching
29:58 Padded Archer Armor
30:41 Bodkin Arrow
31:38 Leather Archer Armor
31:53 Conscription
31:47 Bracer
32:37 Ballistics
34:19 Scale Mail Armor
34:30 Forging
34:09 Halberdier
37:54 Arson
Dr.DOOM
10:16 Feudal Age
14:44 Castle Age
13:23 Double-Bit Axe
14:16 Horse Collar
19:05 Bow Saw
20:57 Heavy Plow
21:35 Gold Mining
23:26 Wheelbarrow
28:02 Imperial Age
27:21 Scale Barding Armor
27:27 Forging
27:19 Padded Archer Armor
27:47 Ballistics
27:48 Hand Cart
28:22 Bloodlines
28:12 Husbandry
31:34 Conscription
33:04 Iron Casting
35:06 Chain Barding Armor
35:54 Blast Furnace
35:10 Leather Archer Armor
40:56 Plate Barding Armor
Connection lost

Rejoining the realm…

Still unreachable

The connection could not be restored.

Session expired

The server has moved on; the page needs a fresh start.